 Dungeon Crawl Stone Soup version 0.25-a0-1024-gbfbf38f2cb (webtiles) character file.

Game seed: 2352319757244919943, levelgen mode: deterministic

464 Flugslaktarn the Chopper (level 7, -1/48 HPs)
             Began as an Octopode Fighter on May 12, 2020.
             Killed from afar by an orc wizard (13 damage)
             ... with a puff of flame
             ... on level 5 of the Dungeon.
             The game lasted 00:01:52 (3685 turns).

Flugslaktarn the Chopper (Octopode Fighter)         Turns: 3685, Time: 00:01:53

Health: -1/48      AC:  1    Str: 16    XL:     7   Next: 8%
Magic:  7/7        EV: 11    Int: 10    God:
Gold:   169        SH:  0    Dex: 13    Spells: 6/6 levels left

rFire    . . .     SeeInvis .   a - +0 war axe
rCold    . . .     Gourm    .   j - +1 tower shield
rNeg     . . .     Faith    .   (helmet restricted)
rPois    .         Spirit   .   (no amulet)
rElec    .         Reflect  .   (no ring)
rCorr    .         Harm     .   (no ring)
MR       .....                  (no ring)
Stlth    ++........             (no ring)
HPRegen  0.16/turn              (no ring)
MPRegen  0.10/turn              (no ring)
                                (no ring)
                                (no ring)

@: confused
A: almost no armour, stealthy swim, amphibious, 8 rings, constrict 8, camouflage
1, gelatinous body 1
a: no special abilities


You were on level 5 of the Dungeon.
You were not hungry.

You visited 1 branch of the dungeon, and saw 5 of its levels.
You also visited: Ossuary.

You collected 169 gold pieces.

Inventory:

Hand Weapons
 a - a +0 war axe (weapon)
Armour
 b - a +0 kite shield
 j - a +1 tower shield (worn)
   (You found it on level 2 of the Dungeon)
Jewellery
 h - a +4 ring of intelligence {unknown}
   (You found it on level 3 of the Dungeon)
 k - an uncursed amulet of rage {unknown}
   (You found it on level 2 of the Dungeon)
 m - an uncursed ring of magical power {unknown}
   (You found it on level 2 of the Dungeon)
 u - an uncursed ring of stealth {unknown}
   (You found it on level 3 of the Dungeon)
Scrolls
 c - a scroll of magic mapping
 r - 3 scrolls of identify
 x - 4 scrolls of remove curse
Potions
 d - 2 potions of might
 g - a potion of flight
 i - a potion of mutation {unknown}
 n - 2 potions of stabbing {unknown}
 p - 2 potions of brilliance {unknown}
 q - 4 potions of curing
 t - 2 potions of lignification {unknown}
Comestibles
 e - 8 rations


   Skills:
 + Level 4.3 Fighting
 * Level 4.8 Axes
 + Level 4.3 Dodging
 + Level 4.4 Shields


You had 6 spell levels left.
You didn't know any spells.
Your spell library was empty.

Dungeon Overview and Level Annotations

Branches:
Dungeon (5/15)            Ossuary (visited)
 Temple: D:4-7

Altars:
Ashenzari
Cheibriados
Dithmenos
Elyvilon
Makhleb
Nemelex Xobeh
Okawaru
Zin


Innate Abilities, Weirdness & Mutations

You cannot wear most types of armour.
You are very stealthy in the water. (Stealth+)
You are amphibious.
You can wear up to eight rings at the same time.
You can use your tentacles to constrict eight enemies at once.
Your skin changes colour to match your surroundings (Stealth+).
Your rubbery body absorbs attacks. (AC +1, EV +1)


Message History

You hear some strange, mumbled words.
A magic dart appears from out of thin air!
The magic dart hits you!
You slash the orc priest!
The orc priest is severely wounded.
You closely miss the orc wizard. You miss something.
The orc wizard hits you with a +0 dagger.
The orc priest barely misses you. Something hits you.
The orc wizard gestures at you while chanting.
The magic dart hits you! The orc priest hits you.
* * * LOW HITPOINT WARNING * * *
You miss the orc priest.
The orc priest is severely wounded.
You miss something.
You hit the orc wizard but do no damage.
Something hits you.
* * * LOW HITPOINT WARNING * * *
The orc wizard gestures at you while chanting.
The puff of flame hits you!
You die...

#.##.# ....#
##.##.#####..####
#...............+
#####.####..#####.
#.# #........ #.#
#.#####.# #.# #.#
#.# #.# #.# #@#
#....o†o.....#
######o#####.# #.#
#.# #.# #.# #.#


You could see an orc priest, an orc wizard and an orc.

Vanquished Creatures
  A bullfrog (D:4)
  A scorpion (D:4)
  A jelly (D:3)
  An orc priest (D:4)
  2 orc wizards (D:4)
  Jessica (D:3)
  Terence (D:3)
  2 mummies
  5 adders
  10 oozes
  An adder skeleton (D:4)
  2 dart slugs (D:3)
  A leopard gecko (D:4)
  2 orcs
  3 bats
  4 giant cockroaches
  A gnoll zombie (Ossuary)
  3 hobgoblins
  4 jackals (D:3)
  13 kobolds
  3 quokkas
  3 frilled lizards
  9 goblins
  2 hobgoblin zombies (Ossuary)
  3 kobold zombies (Ossuary)
  A quokka skeleton (D:4)
  8 rats
88 creatures vanquished.

Vanquished Creatures (others)
  9 toadstools (D:3)
9 creatures vanquished.

Grand Total: 97 creatures vanquished

Notes
Turn   | Place    | Note
-------+----------+-------------------------------------------
     0 | D:1      | Flugslaktarn the Octopode Fighter began the quest for the
                  | Orb.
     0 | D:1      | Reached XP level 1. HP: 16/16 MP: 1/1
   202 | D:1      | Reached XP level 2. HP: 21/21 MP: 2/2
   785 | D:2      | Reached XP level 3. HP: 24/26 MP: 3/3
  1272 | D:3      | Noticed Jessica
  1275 | D:3      | Killed Jessica
  1275 | D:3      | Reached XP level 4. HP: 31/31 MP: 4/4
  1283 | D:3      | Found a faded altar of an unknown god.
  1568 | D:3      | Found an iron altar of Okawaru.
  1639 | D:3      | Found a shadowy altar of Dithmenos.
  1640 | D:3      | Found a snail-covered altar of Cheibriados.
  1640 | D:3      | Found a sparkling altar of Nemelex Xobeh.
  1657 | D:3      | Found a white marble altar of Elyvilon.
  1661 | D:3      | Found a glowing silver altar of Zin.
  1909 | D:3      | Reached XP level 5. HP: 20/37 MP: 5/5
  2251 | D:3      | Noticed Terence
  2257 | D:3      | Killed Terence
  2258 | D:3      | Found a shattered altar of Ashenzari.
  2397 | D:4      | Reached XP level 6. HP: 43/43 MP: 6/6
  2871 | D:4      | Found a burning altar of Makhleb.
  2871 | D:4      | Noticed a green death
  3302 | D:5      | Entered Level 5 of the Dungeon
  3329 | D:5      | Reached XP level 7. HP: 48/48 MP: 7/7
  3337 | D:5      | Found a sand-covered staircase.
  3345 | Ossuary  | Entered an ossuary
  3685 | D:5      | Killed from afar by an orc wizard

Illustrated notes

Levels and vault maps discovered:
D:1:      erik_arrival_blinker_ship, layout_basic, st_stairs_11
D:2:      layout_basic
D:3:      cheibrodos_fertilizer, layout_basic, nicolae_overflow_crystal_walls,
          nicolae_overflow_hidden_temple, minmay_overflow_temple_star_hex,
          chequers_ecumenical_altar_island, first_ration, nrook_mini_vaults,
          hangedman_abyss_or_decor_stabs, uniq_terence, uniq_jessica
D:4:      layout_cave_pools, makhleb_altar_promises_db
D:5:      layout_basic, lemuel_doored_altar, basic_altar,
          gup_ossuary_entry_pyramid

Skill      XL: |  1  2  3  4  5  6 |
---------------+-------------------+-----
Axes           | 3 4 |  4.8
Shields        | 4 |  4.4
Fighting       | 4 |  4.3
Dodging        | 4 |  4.3

Action                   |  1- 3 |  4- 6 |  7- 9 || total
-------------------------+-------+-------+-------++-------
Melee: War axe           |    45 |    88 |    19 ||   152
       Constrict         |    12 |    23 |     1 ||    36
       Tentacles         |    10 |    15 |     3 ||    28
  Use: Scroll            |       |     9 |       ||     9
 Stab: Sleeping          |     6 |     4 |       ||    10
  Eat: Chunk             |     1 |     3 |     1 ||     5
       Ration            |       |     1 |       ||     1
Armor: Skin              |     6 |     3 |     3 ||    12
Dodge: Dodged            |    13 |    27 |    10 ||    50
Block: Kite shield       |    23 |       |       ||    23
       Tower shield      |     2 |    69 |    17 ||    88

Table legend:
 A = Non-vault XP
 B = Vault XP
 C = Vault XP percentage of total XP
 D = Non-vault monster count
 E = Vault monster count
 F = Vault count percentage of total count
                 A         B        C        D         E       F
            +---------+---------+-------+---------+---------+-------
      Total |     440 |     224 |  33.7 |      58 |      30 |  34.1
            +---------+---------+-------+---------+---------+-------
        D:1 |      15 |       3 |  16.7 |      10 |       3 |  23.1
        D:2 |      46 |       0 |   0.0 |      16 |       0 |   0.0
        D:3 |      50 |     178 |  78.1 |      16 |      19 |  54.3
        D:4 |     324 |       0 |   0.0 |      14 |       0 |   0.0
        D:5 |       5 |      18 |  78.3 |       2 |       1 |  33.3
    Ossuary |       0 |      25 | 100.0 |       0 |       7 | 100.0
            +---------+---------+-------+---------+---------+-------
